 Dungeon Crawl Stone Soup version 0.23-a0-448-g1c01f63 (webtiles) character file.

39 aurelian the Poker (level 3, 0/29 HPs)
             Began as a Demigod Wanderer on Nov 20, 2018.
             Slain by an adder (3 damage)
             ... on level 2 of the Dungeon.
             The game lasted 00:01:46 (1173 turns).

aurelian the Poker (Demigod Wanderer)               Turns: 1173, Time: 00:01:46

Health: 0/29       AC:  2    Str: 16    XL:     3   Next: 13%
Magic:  5/5        EV: 12    Int: 17    God:
Gold:   58         SH:  0    Dex: 15    Spells: 2/2 levels left

rFire    . . .     SeeInvis .   a - +2 spear
rCold    . . .     Gourm    .   (no shield)
rNeg     . . .     Faith    .   c - +0 robe
rPois    .         Spirit   .   (no helmet)
rElec    .         Reflect  .   (no cloak)
rCorr    .         Harm     .   (no gloves)
MR       .....                  (no boots)
Stlth    ++........             (no amulet)
HPRegen  0.09/turn              (no ring)
MPRegen  0.09/turn              (no ring)

@: lethally poisoned (0 -> -12)
A: high mp 1
a: no special abilities


You were on level 2 of the Dungeon.
You were not hungry.

You visited 1 branch of the dungeon, and saw 2 of its levels.

You collected 58 gold pieces.

Inventory:

Hand Weapons
 a - a +2 spear (weapon)
 d - a +0 dagger
Missiles
 h - 44 stones (quivered)
Armour
 c - a +0 robe (worn)
 m - a +0 cloak
   (You found it on level 2 of the Dungeon)
Scrolls
 b - 4 scrolls of teleportation {@r4}
 f - a scroll of fear {unknown}
 i - 2 scrolls of blinking {unknown}
 j - 5 scrolls of identify {unknown}
 k - a scroll of amnesia {unknown}
 l - a scroll of fog {unknown}
Comestibles
 e - 3 rations {!d}
 g - 3 chunks of flesh


   Skills:
 + Level 1.8 Fighting
   Level 2.6 Maces & Flails
 * Level 3.6 Polearms
 - Level 1.0 Dodging
 - Level 1.7 Stealth


You had 2 spell levels left.
You didn't know any spells.
Your spell library was empty.

Dungeon Overview and Level Annotations

Branches:
Dungeon (2/15)


Innate Abilities, Weirdness & Mutations

You have an increased reservoir of magic. (+10% MP)


Message History

g - 3 chunks of flesh (gained 2)
Things that are here:
a +0 club; a hobgoblin skeleton
Things that are here:
a +0 club; a hobgoblin skeleton
h - 43 stones (gained 2)
Things that are here:
a +0 club; a hobgoblin skeleton You see here a +0 short sword.
h - 44 stones (gained 1) Unknown command.
Unknown command.
An adder comes into view.
You barely miss the adder. The adder bites you but does no damage.
You closely miss the adder. The adder misses you.
You closely miss the adder. The adder bites you.
You hit the adder. The adder bites you. x2
You are poisoned.
The adder poisons you!
You closely miss the adder.
You feel sick. The adder barely misses you.
You hit the adder but do no damage. The adder misses you.
You hit the adder.
You feel sick. The adder bites you.
You are more poisoned.
The adder poisons you!
You hit the adder but do no damage.
You feel sick. The adder closely misses you.
You miss the adder. The adder bites you.
* * * LOW HITPOINT WARNING * * *
You miss the adder.
You feel sick. The adder bites you.
* * * LOW HITPOINT WARNING * * *
You are lethally poisoned!
The adder poisons you! The adder barely misses you.
You hit the adder.
* * * LOW HITPOINT WARNING * * *
You feel sick. The adder bites you.
* * * LOW HITPOINT WARNING * * *
You completely miss the adder.
* * * LOW HITPOINT WARNING * * *
You feel sick. The adder bites you.
* * * LOW HITPOINT WARNING * * *
Unknown command.
You barely miss the adder.
* * * LOW HITPOINT WARNING * * *
You feel sick. The adder bites you.
* * * LOW HITPOINT WARNING * * *
You aren't carrying any potions.
You miss the adder.
* * * LOW HITPOINT WARNING * * *
You feel sick. The adder bites you.
You die...

########### #.........#
#.#####.### ####.# #.#
#....#####.# #.##.....#.#
########.#..#.....######
#>.....................#
####...#.#.....S@#.######.#
.......#.#####.###.# #.#
.......#.. ...###.## #.#
.......#########<...#####.#
...............##)......#.####
####...........##)......#....####
#.............................
####.(.......#....รท..#....####
#.........#.......#....#


You could see an adder.

Vanquished Creatures
  An adder (D:2)
  An ooze (D:2)
  A worm (D:2)
  2 giant cockroaches (D:1)
  A hobgoblin (D:2)
  6 jackals (D:1)
  4 kobolds
  A quokka (D:2)
  2 bats (D:2)
  A goblin (D:1)
  3 rats
23 creatures vanquished.

Notes
Turn   | Place    | Note
-------+----------+-------------------------------------------
     0 | D:1      | aurelian the Demigod Wanderer began the quest for the Orb.
     0 | D:1      | aurelian set off with the following items: a +2 spear, 2
                  | scrolls of teleportation {@r4}, a +0 robe, a +0 dagger, a
                  | ration {!d}
     0 | D:1      | Reached XP level 1. HP: 16/16 MP: 3/3
   225 | D:1      | Reached skill level 3 in Polearms
   652 | D:1      | Reached XP level 2. HP: 23/23 MP: 4/4
  1014 | D:2      | Reached XP level 3. HP: 29/29 MP: 5/5
  1173 | D:2      | Slain by an adder

Vault maps used:
D:1:      roderic_octagonal_star
D:2:      first_ration

Skill      XL: |  1 |
---------------+----+-----
Polearms       | 3 |  3.6
Fighting       | |  1.8
Maces & Flails | |  2.6
Dodging        | |  1.0
Stealth        | |  1.7

Action                   || total
-------------------------++-------
Melee: Spear             ||    90
Throw: Stone             ||     6
 Stab: Sleeping          ||     1
  Eat: Chunk             ||     1
Armor: Robe              ||     7
Dodge: Dodged            ||    38

Table legend:
 A = Non-vault XP
 B = Vault XP
 C = Vault XP percentage of total XP
 D = Non-vault monster count
 E = Vault monster count
 F = Vault count percentage of total count
                 A         B        C        D         E       F
            +---------+---------+-------+---------+---------+-------
      Total |      57 |       0 |   0.0 |      23 |       0 |   0.0
            +---------+---------+-------+---------+---------+-------
        D:1 |      21 |       0 |   0.0 |      12 |       0 |   0.0
        D:2 |      36 |       0 |   0.0 |      11 |       0 |   0.0
            +---------+---------+-------+---------+---------+-------
